 Dungeon Crawl Stone Soup version 0.18-a0-76-g3fe7f8b (webtiles) character file.

41 Proton the Skirmisher (level 3, -3/34 HPs)
             Began as a Naga Fighter on Nov 12, 2015.
             Slain by a quokka (4 damage)
             ... on level 2 of the Dungeon.
             The game lasted 00:02:34 (1357 turns).

Proton the Skirmisher (Naga Fighter)                Turns: 1357, Time: 00:02:34

Health: -3/34      AC:  5    Str: 19    XL:     3   Next: 52%
Magic:  3/3        EV:  5    Int:  8    God:
Gold:   49         SH:  8    Dex: 10    Spells: 0 memorised, 2 levels left

rFire  . . .     SeeInvis +     a - +0 flail
rCold  . . .     Clarity  .     b - +0 scale mail
rNeg   . . .     SustAt   .     c - +0 shield
rPois  +         Gourm    .     (no helmet)
rElec  .         Spirit   .     (no cloak)
rCorr  .         Warding  .     (no gloves)
rMut   .         Stasis   .     (no barding)
MR     .....                    (no amulet)
Stlth  ..........               (no ring)
                                j - +1 ring of protection

@: very slow, not resistant to hostile enchantments, extremely unstealthy
A: see invisible, deformed body, poison resistance, slowness 2, slow metabolism
1, spit poison 2, AC +1
a: Spit Poison


You were on level 2 of the Dungeon.
You were very hungry.

You visited 1 branch of the dungeon, and saw 2 of its levels.

You collected 49 gold pieces.

Inventory:

Hand Weapons
 a - a +0 flail (weapon)
Armour
 b - a +0 scale mail (worn)
 c - a +0 shield (worn)
Jewellery
 j - a +1 ring of protection (left hand)
Scrolls
 h - 2 scrolls of random uselessness {unknown}
 i - a scroll of identify {unknown}
Potions
 d - 2 potions of might
 f - a potion of flight {unknown}
 g - 3 potions of heal wounds {unknown}
Comestibles
 e - 2 bread rations


   Skills:
 + Level 3.3 Fighting
 + Level 2.6 Maces & Flails
 + Level 2.4 Armour
 + Level 0.4 Dodging
 + Level 2.9 Shields


You had 2 spell levels left.
You didn't know any spells.

Dungeon Overview and Level Annotations

Branches:
Dungeon (2/15)

Altars:
Ashenzari


Innate Abilities, Weirdness & Mutations

You cannot wear boots.
Your serpentine skin is tough (AC +1).
You have supernaturally acute eyesight.
Armour fits poorly on your strangely shaped body.
Your system is resistant to poisons.
You cover ground very slowly.
You have a slow metabolism.
You can spit poison.


Message History

The jackal bites you but does no damage.
You miss the quokka. The quokka bites you.
* * * LOW HITPOINT WARNING * * *
You block the jackal's attack.
The quokka bites you but does no damage.
The jackal bites you but does no damage.
Your shield and scale mail prevent you from hitting the quokka.
You block the jackal's attack. The quokka bites you.
* * * LOW HITPOINT WARNING * * *
The jackal bites you but does no damage.
The quokka barely misses you.
Your shield and scale mail prevent you from hitting the quokka.
The jackal bites you.
* * * LOW HITPOINT WARNING * * *
You block the quokka's attack.
The jackal bites you but does no damage.
You closely miss the quokka.
The quokka bites you but does no damage.
The jackal barely misses you. The quokka bites you.
You die...

...#.#####. #..........##
#.......... #......<....#
.......... #..K........#
###.###.#.# #.##........#
(#......#⌠.##+##.⌠.........#
........#(................#######
..†..#####......[#.#.#.####......
.....#...#.......#h..#......#####
##...#...+..._).@rh..+..#####
###.....#......h#...#..#
#.##.##.......#####.##
####....#.........# .$.
........#⌠.##'##.⌠# ...
#####....###...#### .##
##.........# #.........#
###...#.###


You could see a quokka and 3 jackals.

Vanquished Creatures
  An adder (D:2)
  2 giant geckos
  A ball python (D:2)
  6 bats (D:1)
  2 giant cockroaches (D:1)
  3 goblins
  A hobgoblin (D:1)
  A jackal (D:2)
  5 kobolds
  A giant newt (D:1)
  6 rats (D:1)
29 creatures vanquished.

Notes
Turn   | Place    | Note
--------------------------------------------------------------
     0 | D:1      | Proton the Naga Fighter began the quest for the Orb.
     0 | D:1      | Reached XP level 1. HP: 21/21 MP: 1/1
   294 | D:1      | Reached XP level 2. HP: 20/28 MP: 2/2
   955 | D:2      | Reached XP level 3. HP: 15/34 MP: 3/3
  1305 | D:2      | Found a shattered altar of Ashenzari.
  1356 | D:2      | HP: 1/34 [jackal (1)]
  1357 | D:2      | Slain by a quokka

Vault maps used:
D:1:      erik_arrival_cave_to_civilisation, minmay_misc_feat_enclosed,
          minivault_24, item_on_display_a
D:2:      evilmike_ruin_ashenzari

Action                   || total
-------------------------++-------
Melee: Flail             ||   130
 Abil: Spit Poison       ||     1
